 Dungeon Crawl Stone Soup version 0.19-a0-1673-g1c1b307 (webtiles) character file.

88 qqqbard the Skirmisher (level 4, -1/41 HPs)
             Began as a Hill Orc Monk on Sept 22, 2016.
             Slain by a leopard gecko (3 damage)
             ... on level 2 of the Dungeon.
             The game lasted 00:03:16 (1190 turns).

qqqbard the Skirmisher (Hill Orc Monk)              Turns: 1190, Time: 00:03:17

Health: -1/41      AC:  2    Str: 14    XL:     4   Next: 53%
Magic:  4/4        EV: 13    Int: 10    God:
Gold:   51         SH:  0    Dex: 13    Spells: 0 memorised, 3 levels left

rFire  . . .     SeeInvis .     a - +0 mace
rCold  . . .     Gourm    .     b - +0 robe
rNeg   . . .     Faith    .     (no shield)
rPois  .         Spirit   .     (no helmet)
rElec  .         Dismiss  .     (no cloak)
rCorr  .         Reflect  .     (no gloves)
MR     .....     Harm     .     (no boots)
Stlth  ++........               (no amulet)
                                (no ring)
                                (no ring)

@: no status effects
A: no striking features
a: no special abilities


You were on level 2 of the Dungeon.
You were not hungry.

You visited 1 branch of the dungeon, and saw 2 of its levels.

You collected 51 gold pieces.

Inventory:

Hand Weapons
 a - a +0 mace (weapon)
Armour
 b - a +0 robe (worn)
Jewellery
 m - a cursed ring of teleportation {unknown}
Scrolls
 e - a scroll of enchant armour {unknown}
 f - a scroll of identify {unknown}
 i - a scroll of magic mapping {unknown}
 l - a scroll of fear {unknown}
Potions
 g - a potion of might
 j - a potion of mutation {unknown}
 k - a potion of lignification {unknown}
Comestibles
 c - a bread ration
 d - 5 chunks of flesh
 h - a meat ration


   Skills:
 + Level 4.3 Fighting
 + Level 4.1 Maces & Flails
 * Level 2.9 Armour
 - Level 2.4 Dodging
 - Level 1.5 Stealth


You had 3 spell levels left.
You didn't know any spells.

Dungeon Overview and Level Annotations

Branches:
Dungeon (2/15)

Altars:


Message History

The quokka bites you.
* * * LOW HITPOINT WARNING * * *
The bat hits you but does no damage. The quokka bites you.
* * * LOW HITPOINT WARNING * * *
The bat closely misses you. The bat hits you but does no damage.
You barely miss the bat. The bat hits you but does no damage.
The leopard gecko barely misses you.
You closely miss the leopard gecko.
The leopard gecko is heavily wounded.
The leopard gecko bites you.
* * * LOW HITPOINT WARNING * * *
You hit the leopard gecko.
The leopard gecko is severely wounded.
The leopard gecko bites you but does no damage.
The leopard gecko misses you.
You completely miss the leopard gecko.
The leopard gecko is severely wounded.
The leopard gecko bites you.
You die...

#.. .......
.....). ##.
.#.#.#. .#.#.# .
....... ...(. ####
.# $#.#.#.#%#.#
...# .......)..#
##..
..........#####
#......r.......
#.....#l#######
#.# ......#@# #.#
. ##### #.######
#.####. #......#
#.#.... #......#
#.#...$
#......#####.#....
##.....#...#.#....
#.....#...†....#
#####
###.###...#".....
....# #.#
##.####....


You could see a leopard gecko and a quokka.

Vanquished Creatures
  Jessica (D:2)
  2 adders (D:2)
  2 worms (D:2)
  A dart slug (D:1)
  3 bats
  3 giant cockroaches
  5 goblins
  5 hobgoblins
  3 kobolds (D:1)
  2 ball pythons
  2 frilled lizards
  9 rats
38 creatures vanquished.

Notes
Turn   | Place    | Note
-------+----------+-------------------------------------------
     0 | D:1      | qqqbard the Hill Orc Monk began the quest for the Orb.
     0 | D:1      | Reached XP level 1. HP: 19/19 MP: 1/1
     3 | D:1      | Noticed an electric eel
     3 | D:1      | Noticed an electric eel
    69 | D:1      | Reached XP level 2. HP: 20/27 MP: 2/2
   139 | D:1      | Reached skill level 1 in Armour
   387 | D:2      | Noticed Jessica
   397 | D:2      | Killed Jessica
   397 | D:2      | Reached XP level 3. HP: 15/33 MP: 3/3
   543 | D:2      | Reached XP level 4. HP: 27/40 MP: 4/4
   856 | D:2      | Noticed an ice beast
   946 | D:2      | Noticed a bullfrog
  1188 | D:2      | HP: 2/41 [leopard gecko (2)]
  1190 | D:2      | Slain by a leopard gecko

Vault maps used:
D:1:      arrival_aquarium_b
D:2:      st_stairs_13, lightli_corner_chamber, uniq_jessica

Skill      XL: |  1  2 |
---------------+-------+-----
Armour         | 2 |  2.9
Fighting       | 4 |  4.3
Maces & Flails | 4 |  4.1
Dodging        | |  2.4
Stealth        | |  1.5

Action                   |  1- 3 |  4- 6 || total
-------------------------+-------+-------++-------
Melee: Mace              |    77 |    66 ||   143
  Use: Potion            |       |     1 ||     1
 Stab: Sleeping          |       |     1 ||     1
  Eat: Chunk             |       |     1 ||     1
Armor: Robe              |    16 |    16 ||    32
Dodge: Dodged            |    57 |    56 ||   113
